 Dungeon Crawl Stone Soup version 0.31-a0-549-gf98fd537a9 (webtiles) character file.

Game seed: 15984586481019271158

7125 Essalna the Destroyer (level 11, -7/78 HPs)
             Began as a Djinni Conjurer on Aug 16, 2023.
             Was a Believer of Hepliaklqana.
             Mangled by a wight
             ... wielding a +5 spear
              (9 damage)
             ... on level 9 of the Dungeon.
             The game lasted 00:22:39 (9775 turns).

Essalna the Destroyer (Djinni Conjurer)             Turns: 9775, Time: 00:22:40

Health: -7/78      AC:  9    Str:  6    XL:     11   Next: 31%
Gold:   626        EV: 13    Int: 24    God:    Hepliaklqana [**....] SH:  0 Dex: 12

rFire   + + .        s - +5 rapier
rCold   x . .        (no shield)
rNeg    . . .        a - +1 robe
rPois   ∞            b - +2 helmet
rElec   .            o - +0 cloak
rCorr   .            e - +1 pair of gloves
SInv    .            (boots unavailable)
Will    ++...        (no amulet)
Stlth   ++           j - ring of willpower
HPRegen 0.33/turn    (no ring)
MPRegen 0.00/turn

%: infuse magic (-8 HP)
@: flying, studying Conjurations
A: reduced essence, sickness immunity, fire resistance 2, cold vulnerability 1,
float, innate caster, HP casting, extra vitality 1
a: Renounce Religion, Recall Ancestor, Ancestor Identity


You were on level 9 of the Dungeon.
You worshipped Hepliaklqana.
Hepliaklqana was pleased with you.
You visited 2 branches of the dungeon, and saw 10 of its levels.
You also visited: Bailey.

You collected 626 gold pieces.

Inventory:

Hand Weapons
 s - a +5 rapier (weapon)
Armour
 a - a +1 robe (worn)
 b - a +2 helmet (worn)
 e - a +1 pair of gloves (worn)
 o - a +0 cloak (worn)
 r - a +0 kite shield of protection
 B - a +0 helmet
Jewellery
 j - a ring of willpower (left hand)
Wands
 n - a wand of mindburst (2)
 q - a wand of flame (16)
 w - a wand of charming (10)
 x - a wand of polymorph (23)
 y - a wand of digging (7)
Scrolls
 f - 5 scrolls of fear
 g - 6 scrolls of teleportation
 l - 3 scrolls of enchant armour
 u - a scroll of summoning {unknown}
 v - 3 scrolls of vulnerability {unknown}
 A - 2 scrolls of identify
 D - a scroll of silence
Potions
 c - 3 potions of heal wounds
 d - 3 potions of lignification {unknown}
 h - 3 potions of curing {unknown}
 i - 3 potions of enlightenment {unknown}
 k - a potion of berserk rage {unknown}
 m - 2 potions of attraction {unknown}
 p - 2 potions of invisibility {unknown}
 t - a potion of ambrosia {unknown}
 z - a potion of haste {unknown}
 C - a potion of cancellation {unknown}


   Skills:
 + Level 11.4 Fighting
 + Level 2.4 Armour
 + Level 3.6 Dodging
 - Level 1.5 Stealth
 + Level 9.3 Spellcasting
 + Level 12.2 Conjurations
 + Level 9.3 Hexes
 + Level 9.3 Summonings
 + Level 9.3 Necromancy
 + Level 9.3 Translocations
 + Level 9.3 Transmutations
 + Level 9.3 Fire Magic
 + Level 9.3 Ice Magic
 + Level 9.3 Air Magic
 + Level 9.3 Earth Magic
 + Level 9.3 Poison Magic


You knew the following spells:

 Your Spells              Type           Power      Damage    Failure   Level
a - Magic Dart            Conj           100%       1d8       1%          1
b - Searing Ray           Conj           100%       2d8       1%          2
c - Dazzling Flash        Conj/Hex       100%       N/A       1%          3
d - Fulminant Prism       Conj/Hex       29%        3d14      1%          4
e - Iskenderun's Mystic   Conj/Tloc      58%        2d12      1%          4
f - Freeze                Ice            100%       1d10      1%          1
g - Blink                 Tloc           100%       N/A       1%          2
h - Gell's Gravitas       Tloc           54%        N/A       1%          3
i - Passage of Golubria   Tloc           54%        N/A       1%          4
j - Silence               Hex/Air        27%        N/A       3%          5
Your spell library was empty.

Dungeon Overview and Level Annotations

Branches:
Dungeon (9/15)             Temple (1/1) D:5             Orc (0/2) D:9
 Bailey (visited)
   Lair: D:8-11

Altars:
Ashenzari
Dithmenos
Fedhas
Gozag
Hepliaklqana
Makhleb
Nemelex Xobeh
Okawaru
Qazlal
Ru
Trog
Uskayaw
Wu Jian
Xom
Yredelemnul
Zin
The Shining One

Shops:
D:1 [   D:2 :


Innate Abilities, Weirdness & Mutations

Your life essence is reduced to manifest your ancestor. (-10% HP)
You are immune to sickness and miasma.
You are immune to poison.
Your flesh is very heat resistant. (rF++)
You are vulnerable to cold. (rC-)
You float through the air rather than walking.
You learn spells naturally, not from books.
Your magical power is your life essence.
You have superior vitality. (+4 MHP)


Message History

Casting: Magic Dart (safe; 1% risk of failure)
Confirm with . or Enter, or press ? or * to list all spells.
Aiming: Searing Ray (safe; 1% risk of failure)
Press: ? - help, Shift-Dir - straight line, f/p - wight
Aim: a wight, wielding a +3 long sword and wearing a +0 robe (moderately damaged, ally target, 83% to hit)
The searing ray hits the wight!
The wight is almost destroyed.
Akhenaten avoids your attack. (Press . to maintain the ray.)
* * * LOW HITPOINT WARNING * * *
The wight hits you with a +3 long sword!
* * * LOW HITPOINT WARNING * * *
The searing ray hits the wight!
You destroy the wight!
Akhenaten avoids your attack.
* * * LOW HITPOINT WARNING * * *
Akhenaten hits the wight with a +0 flail!
Akhenaten hits the wight but does no damage.
Casting: Searing Ray (safe; 1% risk of failure)
Confirm with . or Enter, or press ? or * to list all spells.
Okay, then.
Casting: Searing Ray (safe; 1% risk of failure)
Confirm with . or Enter, or press ? or * to list all spells.
Aiming: Searing Ray (safe; 1% risk of failure)
Press: ? - help, Shift-Dir - straight line, f - wight
Aim: a wight, wielding a +5 spear and wearing a +0 robe (heavily damaged, ally target, 83% to hit)
The searing ray misses the wight. (Press . to maintain the ray.)
* * * LOW HITPOINT WARNING * * *
The searing ray misses the wight.
* * * LOW HITPOINT WARNING * * *
The wight hits you from afar with a +5 spear.
* * * LOW HITPOINT WARNING * * *
The searing ray misses the wight.
Akhenaten avoids your attack.
* * * LOW HITPOINT WARNING * * *
The wight hits you but does no damage.
Without enough magic to sustain it, your searing ray dissipates.
Akhenaten hits the wight with a +0 flail.
The wight hits you from afar with a +5 spear!
You die...

..............
######....#.##........
......#..#. #..####.#
.....#..#.##..#.##.. ##
#....#..#...........
....##....#..............
.......................)#
... #......##...........
.##.##..@.# ##...#.#.#.#.
......)...###...#.#.#.#.#
......)).z........#.#.#...
.........R.......#.#.#+...
....###†.)....[...#.#.#...
........†..........#.#....
....).....................
........).####.+########'.
...####..!.....#........#.


You could see the friendly Akhenaten the knight and a wight (ally target).

Vanquished Creatures
  2 orc knights (Bailey)
  Pikel (D:8)
  Psyche (D:8)
  Grinder (D:5)
  5 yaks (D:7)
  2 steam dragons
  2 water moccasins
  Duvessa (D:5)
  5 orc warriors
  3 sky beasts
  3 ice beasts
  A phantom (D:5)
  2 centaurs
  3 lemures (D:8)
  7 scorpions
  3 bullfrogs
  3 wights (D:9)
  Dowan (D:5)
  4 killer bees (D:9)
  3 howler monkeys
  A jelly (D:6)
  3 hounds
  3 orc priests
  3 gnoll boudas
  2 iguanas
  2 sleepcaps
  Ijyb (D:5)
  3 orc wizards
  18 gnolls
  10 adders
  2 white imps
  An ufetubus (D:6)
  4 worms
  2 dart slugs
  46 orcs
  17 bats
  8 endoplasms
  3 giant cockroaches
  6 hobgoblins
  5 jackals
  3 kobolds
  8 quokkas
  9 ball pythons
  4 frilled lizards
  11 goblins
  5 rats
233 creatures vanquished.

Vanquished Creatures (collateral kills)
  A yak (D:7)
  A wyvern (D:7)
  2 orc warriors
  An ogre (D:7)
  A lemure (D:8)
  A bullfrog (D:8)
  A gnoll sergeant (D:9)
  A killer bee (D:9)
  An orc wizard (D:8)
  3 orcs
13 creatures vanquished.

Vanquished Creatures (others)
  4 ancestors (Bailey)
  4 fulminant prisms
8 creatures vanquished.

Grand Total: 254 creatures vanquished

Notes
Turn   | Place    | Note
-------+----------+-------------------------------------------
     0 | D:1      | Essalna the Djinni Conjurer began the quest for the Orb.
     0 | D:1      | Essalna set off with the following spells memorised: Magic
                  | Dart, Searing Ray, Dazzling Flash, Fulminant Prism,
                  | Iskenderun's Mystic Blast.
     0 | D:1      | Reached XP level 1. HP: 15/15 MP: 0/0
   156 | D:1      | Reached XP level 2. HP: 20/22 MP: 0/0
   223 | D:1      | Reached skill level 1 in Fighting
   280 | D:1      | Found Isoemud's Armour Emporium.
   504 | D:1      | Reached XP level 3. HP: 25/27 MP: 0/0
   504 | D:1      | Learned a level 1 spell: Freeze
   971 | D:2      | Reached XP level 4. HP: 27/33 MP: 0/0
   975 | D:2      | Reached skill level 4 in Conjurations
  1077 | D:2      | Found Lova's Book Shoppe.
  1163 | D:2      | Reached XP level 5. HP: 35/39 MP: 0/0
  1163 | D:2      | Learned a level 2 spell: Blink
  2013 | D:3      | Reached XP level 6. HP: 32/46 MP: 0/0
  2865 | D:4      | Identified a scroll of acquirement
  2865 | D:4      | Acquired a manual of Conjurations
  3199 | D:4      | Reached skill level 5 in Conjurations
  3404 | D:5      | Entered Level 5 of the Dungeon
  3413 | D:5      | Noticed Dowan
  3428 | D:5      | Reached XP level 7. HP: 51/53 MP: 0/0
  3428 | D:5      | Learned a level 3 spell: Gell's Gravitas
  3456 | D:5      | Reached skill level 5 in Spellcasting
  3456 | D:5      | Reached skill level 5 in Hexes
  3456 | D:5      | Reached skill level 5 in Summonings
  3456 | D:5      | Reached skill level 5 in Necromancy
  3456 | D:5      | Reached skill level 5 in Translocations
  3456 | D:5      | Reached skill level 5 in Transmutations
  3456 | D:5      | Reached skill level 5 in Fire Magic
  3456 | D:5      | Reached skill level 5 in Ice Magic
  3456 | D:5      | Reached skill level 5 in Air Magic
  3456 | D:5      | Reached skill level 5 in Earth Magic
  3456 | D:5      | Reached skill level 5 in Poison Magic
  3618 | D:5      | Reached skill level 5 in Fighting
  3642 | D:5      | Reached skill level 6 in Conjurations
  3987 | D:5      | Reached XP level 8. HP: 48/60 MP: 0/0
  4169 | D:5      | Noticed Duvessa
  4340 | D:6      | Reached skill level 7 in Conjurations
  4473 | D:5      | Killed Duvessa
  4492 | D:5      | Noticed Ijyb
  4500 | D:5      | Killed Ijyb
  4504 | D:5      | Killed Dowan
  4505 | D:5      | Reached skill level 8 in Conjurations
  4505 | D:5      | Reached XP level 9. HP: 51/68 MP: 0/0
  4505 | D:5      | Learned a level 4 spell: Passage of Golubria
  4561 | D:5      | Found a staircase to the Ecumenical Temple.
  4574 | Temple   | Entered the Ecumenical Temple
  4649 | Temple   | Became a worshipper of Hepliaklqana the Forgotten
  4995 | D:5      | Noticed Grinder
  5002 | D:5      | Killed Grinder
  5532 | D:6      | Reached skill level 9 in Conjurations
  6302 | D:7      | Found an ornate altar of the Wu Jian Council.
  6474 | D:7      | Reached * piety under Hepliaklqana
  6492 | D:7      | Reached XP level 10. HP: 37/70 MP: 0/0
  6494 | D:7      | Reached skill level 10 in Conjurations
  6665 | D:7      | Reached skill level 10 in Fighting
  7068 | D:8      | Noticed Psyche
  7074 | D:8      | Killed Psyche
  7159 | D:8      | Reached skill level 11 in Conjurations
  7220 | D:8      | Found a flagged portal.
  7262 | Bailey   | Entered a bailey
  7549 | Bailey   | Noticed an orc knight
  7753 | Bailey   | Killed an orc knight
  7770 | Bailey   | Noticed an orc knight
  7789 | Bailey   | Killed an orc knight
  7790 | Bailey   | Reached XP level 11. HP: 17/78 MP: 0/0
  7790 | Bailey   | Learned a level 5 spell: Silence
  8582 | D:8      | Reached ** piety under Hepliaklqana
  8583 | D:8      | Remembered your ancestor Akhenaten as a knight
  8996 | D:8      | Noticed Pikel
  9010 | D:8      | Killed Pikel
  9011 | D:8      | Reached skill level 1 in Armour
  9011 | D:8      | Reached skill level 12 in Conjurations
  9421 | D:9      | Found a staircase to the Orcish Mines.
  9773 | D:9      | HP: 2/78 [wight/+5 spear (6)]
  9775 | D:9      | Mangled by a wight

Illustrated notes

Levels and vault maps discovered:
D:1:      psy_arrival_conway, layout_basic, serial_shops, shop
D:2:      layout_rooms, serial_shops, shop, amethyst_killhole
D:3:      layout_basic, mainiacjoe_overflow_tiny_flanked,
          kennysheep_minor_cross, minmay_fractal_squares_gapless_5
D:4:      layout_cave_pools, chequers_avenue, nicolae_elevator_lobby_asterisk
D:5:      old_forge, layout_basic, minmay_temple_entry_arrows, uniq_duvessa,
          uniq_grinder, uniq_ijyb
D:6:      layout_basic
D:7:      layout_cave_pools, lemuel_crystal_altar
D:8:      layout_loops_corners, enter_bailey_5, minmay_misc_feat_plants,
          uniq_psyche, uniq_pikel
D:9:      layout_basic, nicolae_elyvilon_peaceful_grove,
          mainiacjoe_overflow_cross_hatched, orc_0_dummy, minivault_11,
          minmay_fractal_squares_5, uniq_joseph
Temple:   dpeg_five_rooms_temple

Skill      XL: |  1  2  3  4  5  6  7  8  9 10 11 |
---------------+----------------------------------+-----
Fighting       | 1 2 3 4 5 7 9 11 | 11.4
Spellcasting   | 4 5 6 7 9 |  9.3
Conjurations   | 4 5 6 8 9 11 12 | 12.2
Hexes          | 4 5 6 7 9 |  9.3
Summonings     | 4 5 6 7 9 |  9.3
Necromancy     | 4 5 6 7 9 |  9.3
Translocations | 4 5 6 7 9 |  9.3
Transmutations | 4 5 6 7 9 |  9.3
Fire Magic     | 4 5 6 7 9 |  9.3
Ice Magic      | 4 5 6 7 9 |  9.3
Air Magic      | 4 5 6 7 9 |  9.3
Earth Magic    | 4 5 6 7 9 |  9.3
Poison Magic   | 4 5 6 7 9 |  9.3
Armour         | 2 |  2.4
Dodging        | 3 |  3.6
Stealth        | |  1.5

Action                     |  1- 3 |  4- 6 |  7- 9 | 10-12 || total
---------------------------+-------+-------+-------+-------++-------
  Melee: Rapier            |       |     6 |    12 |     6 ||    24
   Cast: Magic Dart        |    57 |   156 |   162 |   175 ||   550
         Searing Ray       |     1 |     6 |    23 |    20 ||    50
         Blink             |       |     1 |       |       ||     1
         Iskenderun's Myst |       |       |    17 |    18 ||    35
         Passage of Golubr |       |       |     1 |       ||     1
         Fulminant Prism   |       |       |       |     4 ||     4
 Invoke: Ancestor Life: Kn |       |       |       |     1 ||     1
  Evoke: Wand              |       |       |       |    13 ||    13
    Use: Scroll            |       |    11 |     1 |     1 ||    13
 Armour: Robe              |     2 |     7 |    34 |     9 ||    52
  Dodge: Dodged            |     8 |    24 |    51 |    32 ||   115

Table legend: (Time is in decaauts)
 A = Elapsed time spent in this place.
 B = Non-inter-level travel time spent in this place.
 C = Inter-level travel time spent in this place.
 D = Time resting spent in this place.
 E = Time spent auto-exploring this place.
 F = Levels seen in this place.
 G = Mean time per level.
                   A        B        C        D        E       F      G
               +--------+--------+--------+--------+--------+-----+--------+
         Total |   9779 |   9179 |    600 |    141 |   7526 |  11 |  889.0 |
       Dungeon |   8503 |   8024 |    479 |    141 |   6677 |   9 |  944.8 |
        Temple |    124 |      3 |    121 |      0 |      0 |   1 |  124.0 |
        Bailey |   1151 |   1151 |      0 |      0 |    849 |   1 | 1151.0 |
               +--------+--------+--------+--------+--------+-----+--------+

Top non-repeatable levels by time:
     D:5: 1360 daAuts
     D:6: 1203 daAuts
  Bailey: 1151 daAuts
     D:3: 1136 daAuts
     D:8: 998 daAuts
     D:1: 907 daAuts
     D:4: 864 daAuts
     D:7: 820 daAuts
     D:2: 609 daAuts
     D:9: 600 daAuts
  Temple: 124 daAuts
